 Dungeon Crawl Stone Soup version 0.25.0-1-g7eea58d (webtiles) character file.

Game seed: 11075355291592615671

1031 AntiMan the Ruffian (level 8, -3/75 HPs)
             Began as a Troll Berserker on June 16, 2020.
             Was a Priest of Trog.
             Slain by a killer bee (4 damage)
             ... on level 6 of the Dungeon.
             The game lasted 00:16:03 (3775 turns).

AntiMan the Ruffian (Troll Berserker)               Turns: 3775, Time: 00:16:04

Health: -3/75      AC:  6    Str: 28    XL:     8   Next: 3%
Magic:  7/7        EV: 11    Int:  3    God:    Trog [***...]
Gold:   336        SH:  0    Dex:  9    Spells: 7/7 levels left

rFire    . . .     SeeInvis .   y - +0 giant spiked club
rCold    . . .     Gourm    +   (shield currently unavailable)
rNeg     . . .     Faith    .   a - +0 animal skin
rPois    .         Spirit   .   (helmet restricted)
rElec    .         Reflect  .   (no cloak)
rCorr    .         Harm     .   (gloves unavailable)
MR       .....                  (boots unavailable)
Stlth    +.........             (no amulet)
HPRegen  0.62/turn              (no ring)
MPRegen  0.10/turn              (no ring)

@: lethally poisoned (-3 -> -10)
A: large, unfitting armour, claws 3, fast metabolism 3, gourmand, regeneration
1, shaggy fur 1, tough skin 3
a: Berserk, Trog's Hand, Renounce Religion


You were on level 6 of the Dungeon.
You worshipped Trog.
Trog was most pleased with you.
You were completely stuffed.

You visited 1 branch of the dungeon, and saw 7 of its levels.

You collected 336 gold pieces.

Inventory:

Hand Weapons
 e - a +2 short sword of venom
 y - a +0 giant spiked club (weapon)
Armour
 a - a +0 animal skin (worn)
 k - a +1 helmet
Jewellery
 g - an uncursed ring of see invisible {unknown}
 o - the amulet of Isodo {Spirit +Inv rF+ Str+5 Int-4, unknown}
   (You found it on level 4 of the Dungeon)

   [amulet of guardian spirit]

   It causes incoming damage to be split between your health and magic.
   It affects your strength (+5).
   It affects your intelligence (-4).
   It protects you from fire.
   It lets you turn invisible.
 p - a cursed ring of attention {unknown}
Wands
 m - a wand of disintegration (15)
 s - a wand of polymorph (13)
Scrolls
 d - a scroll of noise {unknown}
 j - 4 scrolls of teleportation {unknown}
 l - 3 scrolls of identify {unknown}
 q - 5 scrolls of remove curse {unknown}
 t - a scroll of fear {unknown}
 A - a scroll of magic mapping {unknown}
Potions
 c - a potion of resistance {unknown}
 h - a potion of mutation {unknown}
 i - a potion of might {unknown}
 n - a potion of flight {unknown}
 r - a potion of berserk rage {unknown}
 u - a potion of heal wounds {unknown}
 v - a potion of stabbing {unknown}
 w - a potion of lignification {unknown}
 x - a potion of invisibility {unknown}
 z - a potion of magic {unknown}
Comestibles
 b - 7 rations
 f - 8 chunks of flesh


   Skills:
 + Level 3.4 Fighting
 + Level 4.8 Dodging
 + Level 0.5 Stealth
 + Level 7.7 Unarmed Combat


You had 7 spell levels left.
You didn't know any spells.
Your spell library was empty.

Dungeon Overview and Level Annotations

Branches:
Dungeon (7/15)             Temple (0/1) D:5

Altars:
Elyvilon
Fedhas
Gozag
Nemelex Xobeh
Trog
Xom

Annotations:
D:6 exclusion: oklob plant


Innate Abilities, Weirdness & Mutations

You are too large for most types of armour.
You have claws for hands.
Your metabolism is lightning-fast.
You like to eat raw meat.
Your natural rate of healing is unusually fast.
You are covered in fur. (AC +1)
You have extremely tough skin. (AC +3)


Message History

The killer bee misses you. The killer bee barely misses you.
The killer bee stings you!
* * * LOW HITPOINT WARNING * * *
The killer bee stings you.
* * * LOW HITPOINT WARNING * * *
You climb upwards.
Level annotation: exclusion: oklob plant You are no longer corroded.
* * * LOW HITPOINT WARNING * * *
You feel very sick.
There is a stone staircase leading down here.
You miss the killer bee.
* * * LOW HITPOINT WARNING * * *
You feel very sick. The killer bee closely misses you.
The killer bee stings you!
* * * LOW HITPOINT WARNING * * *
The killer bee misses you.
The killer bee stings you but does no damage.
The killer bee barely misses you. x2; The killer bee stings you.
You die...

.#.###.....##)#.......#
.#รท........##.#.......#
...(.......#..#.......#
..##))####....###.#####
..##.## ...........#
.....# ##..####.####
....## #.# #.# ...# ##y#
(.. #@y# ... #y## #.
..#####.# ...P....#
..P_P...# ...P.(..#
........# #.......#
#.......#


You could see 3 killer bees.

Vanquished Creatures
  An orc warrior (D:6)
  An ogre (D:6)
  4 bullfrogs
  A scorpion (D:5)
  A hound (D:5)
  3 orc wizards
  7 worker ants
  A hound zombie (D:4)
  A hound skeleton (D:4)
  2 gnolls (D:3)
  12 adders
  An adder zombie (D:5)
  3 worms
  A dart slug (D:3)
  3 leopard geckos
  19 orcs
  A ball python (D:3)
  6 giant cockroaches
  3 goblins
  2 hobgoblins (D:2)
  6 jackals
  3 quokkas
  5 bats
  4 frilled lizards
  6 kobolds
  4 rats
101 creatures vanquished.

Notes
Turn   | Place    | Note
-------+----------+-------------------------------------------
     0 | D:1      | AntiMan the Troll Berserker began the quest for the Orb.
     0 | D:1      | Reached XP level 1. HP: 22/22 MP: 0/0
   314 | D:2      | Reached XP level 2. HP: 29/29 MP: 1/1
   626 | D:2      | Reached XP level 3. HP: 36/36 MP: 2/2
  1190 | D:3      | Noticed a bullfrog
  1202 | D:3      | Killed a bullfrog
  1202 | D:3      | Reached skill level 4 in Unarmed Combat
  1202 | D:3      | Reached XP level 4. HP: 35/45 MP: 3/3
  1207 | D:3      | Reached ** piety under Trog
  1349 | D:3      | Reached XP level 5. HP: 9/53 MP: 4/4
  1516 | D:3      | Found a faded altar of an unknown god.
  1909 | D:4      | Found a shimmering altar of Xom.
  1909 | D:4      | Found a white marble altar of Elyvilon.
  1919 | D:4      | Reached skill level 5 in Unarmed Combat
  2069 | D:4      | Found a sparkling altar of Nemelex Xobeh.
  2174 | D:4      | Reached XP level 6. HP: 57/61 MP: 5/5
  2236 | D:4      | Got a sparkling crystal amulet
  2679 | D:5      | Entered Level 5 of the Dungeon
  2696 | D:5      | Found a staircase to the Ecumenical Temple.
  2725 | D:5      | Reached *** piety under Trog
  2947 | D:5      | Reached skill level 6 in Unarmed Combat
  3024 | D:5      | Reached XP level 7. HP: 46/67 MP: 6/6
  3189 | D:5      | Found a bloodstained altar of Trog.
  3568 | D:6      | Reached skill level 7 in Unarmed Combat
  3731 | D:6      | Reached XP level 8. HP: 71/75 MP: 7/7
  3756 | D:6      | Found an opulent altar of Gozag.
  3756 | D:6      | Noticed an oklob plant
  3765 | D:7      | Found a blossoming altar of Fedhas.
  3775 | D:6      | HP: 1/75 [killer bee (7)]
  3775 | D:6      | Slain by a killer bee

Illustrated notes

Levels and vault maps discovered:
D:1:      dpeg_arrival_radiant, layout_basic
D:2:      layout_loops_corners, ebering_dispersal_statue_hall
D:3:      layout_rooms, chequers_ecumenical_altar_simple, first_ration
D:4:      layout_basic, lemuel_doored_altar,
          chequers_temple_overflow_statue_of_worship, grunt_ministairs_9,
          minmay_unequal
D:5:      layout_basic, kennysheep_mini, minmay_temple_entry_large_hall
D:6:      layout_rooms, zin_treasury, lemuel_oklob_altar
D:7:      layout_rooms, fedhas_ov_isle_minmay, serial_shops, shop

Skill      XL: |  1  2  3  4  5  6  7 |
---------------+----------------------+-----
Fighting       | 3 |  3.4
Dodging        | 3 4 |  4.8
Unarmed Combat | 4 5 6 7 |  7.7
Stealth        | |  0.5

Action                   |  1- 3 |  4- 6 |  7- 9 || total
-------------------------+-------+-------+-------++-------
Melee: Unarmed           |    55 |   206 |    60 ||   321
       Punch             |     1 |     5 |     1 ||     7
       Giant spiked club |       |       |     2 ||     2
Invok: Berserk           |       |       |     1 ||     1
  Eat: Chunk             |    16 |    17 |     8 ||    41
Armor: Animal skin       |    24 |   100 |    16 ||   140
Dodge: Dodged            |    40 |   150 |    41 ||   231
